Map: Catalyst LE

Players

Elazer - Winner!

  • Race: Zerg Zerg
  • Spawn Location: 5:00

Zanster

  • Race: Zerg Zerg
  • Spawn Location: 11:00

Event: WCS Valencia 2018

VOD

Have the link to the VOD?

Description

Time

  • Played on: July 12, 2018, 1:27 p.m.
  • Length: 16:44

All games in this series

Show
View Real Time Build Order
Export as new Build Order

Elazer Zerg - Winner!

Build Orders: Hatch First 

Get SALT Encoding   

  12  0:00  Drone  
  13  0:12  Overlord  
  13  0:19  Drone  
  14  0:30  Drone x2  
  16  0:49  Hatchery  
  15  0:51  Drone  
  15  0:55  Drone  
  17  0:59  Drone  
  18  1:09  Extractor  
  17  1:14  Spawning Pool  
  17  1:17  Drone  
  17  1:20  Drone  
  18  1:29  Drone  
  19  1:38  Drone  
  20  2:01  Spine Crawler, Zergling x2, Queen  
  19  2:02  Zergling x4  
  19  2:04  Queen  
  26  2:10  Zergling x2  
  26  2:15  Zergling x2  
  28  2:24  Spine Crawler  
  28  2:29  Zergling x2  
  19  2:44  Zergling x2  
  19  2:49  Zergling x4  
  19  2:54  Zergling x2  
  17  3:07  Zergling x2  
  18  3:15  Queen  
  21  3:27  Drone x2  
  22  3:39  Drone  
  22  3:40  Drone x2  
  23  3:50  Metabolic Boost  
  23  3:58  Drone x2  
  25  4:02  Drone  
  25  4:05  Drone  
  25  4:08  Drone  
  26  4:13  Drone  
  27  4:22  Overlord  
  27  4:36  Overlord  
  27  4:40  Drone x5  
  27  4:42  Drone  
  33  4:46  Drone  
  33  4:48  Drone  
  35  4:56  Drone x3  
  35  4:57  Drone  
  35  4:59  Drone  
  40  5:02  Drone  
  40  5:03  Extractor  
  40  5:04  Drone  
  41  5:07  Drone  
  41  5:09  Drone  
  43  5:25  Extractor  
  43  5:26  Evolution Chamber  
  43  5:27  Drone x2  
  43  5:28  Lair  
  43  5:30  Overlord  
  43  5:35  Overlord  
  43  5:49  Roach Warren  
  42  5:52  Zerg Missile Weapons Level 1  
  42  5:55  Drone x7  
  49  6:14  Queen  
  51  6:21  Overlord  
  51  6:22  Hatchery  
  50  6:27  Overseer  
  50  6:28  Glial Reconstitution  
  50  6:29  Roach  
  50  6:30  Roach x2  
  56  6:33  Drone x3  
  56  6:37  Overlord  
  59  6:43  Drone x2  
  59  6:44  Roach x2  
  65  6:47  Overlord  
  65  6:57  Drone x4  
  69  7:05  Overlord  
  69  7:08  Drone x2  
  70  7:13  Roach x3  
  75  7:18  Drone  
  75  7:19  Drone  
  77  7:29  Overlord  
  77  7:30  Queen x2  
  77  7:34  Drone  
  77  7:35  Drone  
  77  7:36  Overlord  
  83  7:37  Evolution Chamber  
  83  7:41  Roach x3  
  88  7:48  Zerg Missile Weapons Level 2  
  88  7:52  Spore Crawler x2  
  88  7:53  Queen  
  88  7:54  Spore Crawler  
  87  7:59  Drone x3  
  87  8:00  Drone  
  87  8:02  Drone x2  
  87  8:04  Drone  
  94  8:07  Drone x2  
  96  8:13  Queen  
  96  8:16  Zerg Ground Armor Level 1  
  98  8:20  Overlord  
  98  8:24  Overlord x2  
  98  8:26  Tunneling Claws  
  97  8:29  Burrow  
  97  8:32  Overlord x2  
  97  8:40  Overlord  
  97  8:43  Spore Crawler, Extractor  
  97  8:46  Drone x3  
  97  8:47  Queen  
  99  8:52  Queen  
  99  8:54  Drone x4  
  99  8:55  Spore Crawler  
  104  8:56  Overlord  
  104  9:02  Roach x3  
  110  9:08  Overlord  
  110  9:12  Extractor  
  110  9:13  Extractor, Drone x3  
  110  9:15  Hydralisk Den  
  110  9:19  Overlord  
  110  9:20  Roach x4  
  118  9:27  Roach x4  
  126  9:36  Overlord  
  126  9:39  Overlord  
  122  9:46  Overlord  
  122  9:47  Roach x5  
  132  9:56  Roach x2  
  132  9:57  Roach x5  
  132  9:59  Roach x2  
  132  10:00  Roach x4  
  132  10:01  Roach  
  132  10:02  Roach  
  125  10:10  Overlord  
  125  10:11  Drone x2  
  114  10:16  Overlord  
  114  10:19  Drone, Roach x4  
  112  10:26  Roach  
  112  10:31  Roach x2  
  112  10:34  Muscular Augments  
  111  10:35  Drone  
  111  10:41  Drone x3  
  112  10:46  Roach  
  112  10:47  Drone x2, Roach  
  110  10:50  Roach x2  
  110  10:51  Drone x2  
  108  11:06  Hydralisk x6  
  108  11:07  Roach x3  
  120  11:17  Hydralisk  
  120  11:18  Hydralisk x4  
  122  11:24  Drone x4  
  132  11:38  Drone  
  133  11:42  Lurker Den, Hydralisk x2  
  133  11:43  Overseer  
  130  11:52  Hatchery, Grooved Spines  
  129  11:56  Hydralisk, Roach  
  129  11:57  Hydralisk x3  
  129  12:01  Overlord, Drone  
  138  12:10  Overlord  
  138  12:12  Hydralisk  
  138  12:13  Hydralisk x2, Roach x3  
  144  12:16  Hatchery, Roach  
  143  12:25  Overlord  
  143  12:26  Roach x5  
  151  12:41  Roach x7  
  159  12:58  Lurker Den  
  151  13:08  Hydralisk x9  
  169  13:20  Hydralisk x4  
  169  13:23  Drone x3  
  169  13:24  Roach x13  
  180  13:35  Hydralisk x4  
  188  13:45  Drone x6  
  188  13:58  Roach x6  
  170  14:11  Hydralisk x5  
  147  14:19  Hydralisk  
  147  14:20  Hydralisk x3  
  147  14:23  Roach x3  
  141  14:24  Roach x2  
  141  14:28  Hydralisk x4, Roach  
  141  14:29  Roach x2  
  149  14:35  Roach  
  149  14:40  Hydralisk x5  
  154  14:45  Drone x4  
  154  14:46  Roach  
  149  14:53  Unknown x4  
  143  15:01  Lurker  
  143  15:02  Lurker  
  143  15:03  Hydralisk x5  
  153  15:12  Hydralisk x4  
  151  15:18  Hydralisk x2  
  155  15:23  Lurker  
  155  15:25  Roach  
  155  15:26  Roach x2  
  158  15:36  Hydralisk x5  
  160  15:47  Hydralisk x4  
  164  15:57  Hydralisk  
  164  15:58  Hydralisk x4  
  164  16:00  Roach x5  
  164  16:01  Roach x2  
  164  16:02  Spore Crawler  
  164  16:03  Roach  
  170  16:04  Roach x2  
  170  16:05  Roach x3  
  166  16:13  Hydralisk  
  166  16:14  Hydralisk x4  
  166  16:18  Spore Crawler  
Show
View Real Time Build Order
Export as new Build Order

Zanster Zerg 

Build Orders: 1 Base Baneling Bust, Pool First, Muta Ling Bane 

Get SALT Encoding   

  13  0:13  Extractor  
  11  0:20  Spawning Pool  
  10  0:25  Drone  
  11  0:30  Drone  
  11  0:35  Drone  
  13  0:48  Overlord  
  13  1:08  Zergling x6  
  16  1:13  Metabolic Boost  
  16  1:19  Zergling x2  
  17  1:30  Zergling x2  
  18  1:34  Baneling Nest  
  17  1:41  Zergling x2  
  18  1:52  Zergling x2  
  19  2:03  Zergling x2  
  19  2:04  Queen  
  22  2:13  Overlord  
  22  2:18  Baneling x2  
  22  2:29  Baneling  
  22  2:31  Zergling x2  
  22  2:38  Zergling x2  
  20  2:56  Zergling x4  
  20  3:09  Drone  
  21  3:25  Hatchery, Drone  
  21  3:32  Drone x2  
  23  3:39  Drone  
  24  3:43  Drone  
  24  3:44  Drone  
  26  3:52  Drone  
  25  4:00  Drone  
  25  4:01  Drone  
  26  4:07  Drone  
  26  4:12  Queen  
  26  4:15  Drone  
  29  4:20  Overlord  
  29  4:34  Baneling  
  29  4:38  Drone  
  29  4:39  Drone x4  
  34  4:50  Drone x2  
  36  4:54  Lair  
  36  4:57  Drone  
  36  4:58  Drone  
  38  5:00  Drone  
  38  5:02  Drone  
  38  5:04  Drone  
  41  5:10  Overlord  
  41  5:13  Drone  
  42  5:21  Zergling x2  
  42  5:22  Zergling x2  
  42  5:26  Extractor  
  42  5:27  Extractor  
  42  5:28  Drone  
  42  5:29  Drone, Roach Warren  
  42  5:30  Evolution Chamber  
  42  5:33  Extractor, Drone x2  
  43  5:36  Baneling  
  43  5:38  Drone x2  
  43  5:42  Drone  
  46  5:45  Overlord  
  46  5:46  Drone  
  47  5:53  Drone x2  
  48  5:58  Spire  
  48  6:01  Drone x3  
  48  6:04  Drone  
  51  6:08  Zerg Melee Weapons Level 1  
  51  6:11  Drone  
  52  6:14  Overlord  
  51  6:20  Drone  
  52  6:29  Overlord  
  52  6:32  Hatchery  
  51  6:34  Zergling x4  
  51  6:36  Zergling x2  
  51  6:37  Zergling x2  
  55  6:40  Unknown  
  55  6:41  Overlord  
  55  6:52  Overlord  
  55  7:02  Zergling x2  
  55  7:03  Zergling x18  
  64  7:10  Zergling x2  
  64  7:11  Queen  
  64  7:13  Overlord  
  67  7:19  Zerg Flyer Weapons Level 1  
  67  7:26  Overlord  
  67  7:39  Mutalisk x4  
  67  7:40  Mutalisk x2  
  67  7:43  Mutalisk x2  
  81  7:45  Mutalisk  
  85  7:51  Mutalisk  
  87  7:59  Mutalisk  
  87  8:04  Overlord  
  87  8:10  Centrifical Hooks  
  87  8:11  Drone x4  
  87  8:12  Drone x3  
  93  8:16  Overlord  
  93  8:17  Overseer  
  93  8:26  Zerg Melee Weapons Level 2  
  92  8:31  Zergling x2  
  92  8:32  Zergling x10  
  98  8:40  Zergling x2  
  98  8:41  Zergling x10  
  104  8:47  Zergling x6  
  107  8:50  Overlord  
  106  9:08  Zergling x2  
  106  9:09  Zergling x26  
  117  9:14  Overlord  
  117  9:20  Baneling  
  117  9:21  Baneling x14  
  117  9:29  Zergling x4  
  117  9:30  Zergling x6  
  122  9:45  Zergling x6  
  125  9:47  Overlord  
  114  10:06  Mutalisk x7  
  110  10:11  Overseer  
  99  10:16  Zergling x10  
  99  10:21  Overseer  
  96  10:27  Overseer  
  90  10:37  Drone x6  
  90  10:39  Queen  
  97  10:43  Drone x5  
  97  10:44  Drone x4  
  103  10:50  Drone  
  103  10:51  Drone  
  105  11:01  Pneumatized Carapace  
  105  11:03  Zerg Flyer Weapons Level 2  
  105  11:10  Drone x5  
  110  11:13  Extractor  
  110  11:15  Extractor  
  110  11:16  Overlord  
  107  11:30  Zergling x18  
  112  11:34  Queen  
  112  11:39  Overlord  
  109  11:45  Mutalisk x4  
  117  11:50  Drone  
  118  11:55  Drone  
  118  11:56  Drone x2  
  121  12:05  Baneling x7  
  121  12:06  Baneling x2  
  120  12:09  Hatchery  
  120  12:13  Zergling x16  
  127  12:19  Zergling x4  
  127  12:20  Baneling x6  
  128  12:25  Overseer  
  128  12:36  Zergling x16  
  128  12:37  Zergling x6  
  135  12:49  Overlord  
  131  12:54  Mutalisk x4  
  131  12:55  Mutalisk  
  141  13:05  Mutalisk x3  
  137  13:09  Drone x4  
  147  13:16  Mutalisk x2  
  147  13:18  Unknown x2  
  151  13:28  Mutalisk  
  151  13:29  Mutalisk  
  151  13:30  Zergling x4  
  151  13:31  Zergling x2  
  158  13:37  Overlord x2  
  158  13:41  Zergling x10  
  163  13:46  Baneling x6  
  163  13:52  Zergling x8  
  163  13:55  Baneling x3  
  134  14:16  Mutalisk  
  134  14:17  Mutalisk x4  
  98  14:22  Drone x6  
  99  14:28  Mutalisk  
  72  15:01  Drone x10  
  81  15:17  Overseer  
  81  15:24  Drone  
  81  15:28  Mutalisk x3  
  78  15:45  Mutalisk  
  78  15:46  Mutalisk  
  78  15:49  Drone  
  79  15:50  Drone x7  
  85  16:24  Overseer  
  70  16:39  Hatchery  
Tags
 
Add a new tag
Caveats
  • Supply blocks, unpowered buildings, or Contaminate may cause inaccurate times.
  • Supply counts are checked every 10 seconds.